 Dungeon Crawl Stone Soup version 0.22.0-49-gab54619674 (webtiles) character file.

367 Morbidden the Conjurer (level 6, 0/46 HPs)
             Began as a Draconian Conjurer on Sept 4, 2018.
             Succumbed to Eustachio's poison
             ... on level 3 of the Dungeon.
             The game lasted 00:13:24 (4301 turns).

Morbidden the Conjurer (Draconian Conjurer)         Turns: 4301, Time: 00:13:24

Health: 0/46       AC:  7    Str: 12      XL:     6   Next: 41%
Magic:  1/10       EV: 12    Int: 16      God:
Gold:   157        SH:  0    Dex:  9 (11) Spells: 7/10 levels left

rFire    . . .     SeeInvis .     - Unarmed
rCold    + . .     Gourm    .   (no shield)
rNeg     . . .     Faith    .   (armour unavailable)
rPois    .         Spirit   .   (helmet restricted)
rElec    .         Reflect  .   (no cloak)
rCorr    +         Harm     .   i - +0 pair of gloves
MR       .....                  (no boots)
Stlth    ++........             (no amulet)
HPRegen  0.15/turn              a - ring of resist corrosion
MPRegen  0.12/turn              (no ring)

@: lethally poisoned (0 -> -33)
A: unfitting armour, cold resistance 1, deterioration 1, cold-blooded, AC +6
a: no special abilities


You were on level 3 of the Dungeon.
You were hungry.

You visited 1 branch of the dungeon, and saw 4 of its levels.

You collected 157 gold pieces.

Inventory:

Armour
 i - a +0 pair of gloves (worn)
Jewellery
 a - a ring of resist corrosion (left hand)
Scrolls
 c - a scroll of immolation {unknown}
 e - 2 scrolls of enchant weapon {unknown}
 g - 3 scrolls of remove curse {unknown}
 h - 2 scrolls of noise {unknown}
 k - 2 scrolls of amnesia {unknown}
 l - a scroll of fog {unknown}
 m - a scroll of teleportation {unknown}
 n - a scroll of random uselessness {unknown}
 p - a scroll of magic mapping {unknown}
Potions
 f - 2 potions of flight
 r - a potion of cancellation
Comestibles
 b - 5 rations


   Skills:
 + Level 0.9 Fighting
 + Level 3.0 Dodging
 - Level 1.7 Stealth
 + Level 4.0 Unarmed Combat
 + Level 2.9 Spellcasting
 + Level 5.1 Conjurations


You had 7 spell levels left.
You knew the following spells:

 Your Spells              Type           Power        Failure   Level  Hunger
a - Magic Dart            Conj           ###.         2%          1    #......
b - Searing Ray           Conj           ###...       3%          2    ##.....

Your spell library contained the following spells:

 Spells                   Type           Power        Failure   Level  Hunger
 Dazzling Spray           Conj/Hex       ##....       21%         3    ###....
 Iskenderun's Mystic Bla  Conj           ###.....     22%         4    #####..
 Force Lance              Conj/Tloc      ##......     54%         4    #####..
 Fulminant Prism          Conj/Hex       ##........   54%         4    #####..
 Haunt                    Necr/Summ      #.........   100%        7    #######
 Borgnjor's Revivificati  Necr           #.........   100%        8    #######
 Death's Door             Chrm/Necr      #.........   100%        8    #######
 Infestation              Necr           #.........   100%        8    #######
 Necromutation            Tmut/Necr      #.........   100%        8    #######


Dungeon Overview and Level Annotations

Branches:
Dungeon (4/15)
 Temple: D:4-7

Altars:

Shops:
D:4 *

Annotations:
D:3 Eustachio
D:4 Grinder


Innate Abilities, Weirdness & Mutations

Your plain brown scales are hard. (AC +6)
You cannot fit into any form of body armour.
You are cold-blooded and may be slowed by cold attacks.
Your flesh is cold resistant. (rC+)
Your body sometimes deteriorates upon taking damage.


Message History

The shadow imp hits you but does no damage.
Unknown command.
Casting: Magic Dart (safe; 2% risk of failure)
Confirm with . or Enter, or press ? or * to list all spells.
Aiming: Magic Dart (safe; 2% risk of failure)
Press: ? - help, Shift-Dir - straight line, f/p - Eustachio
Aim: Eustachio, wielding a rapier of venom and wearing a leather armour The magic dart hits Eustachio.
Eustachio is almost dead.
* * * LOW HITPOINT WARNING * * *
You feel very sick.
Eustachio gestures wildly while chanting.
Eustachio blinks!
The rat bites you but does no damage. The shadow imp closely misses you.
Unknown command.
Unknown command.
Unknown command.
Unknown command.
You miss the bat.
You die...

### ##.#### ##.....< #####
#######......# o...#
#####...##....##.# ###.#
#######5....#.#.....##.# #.#
#....55b###...##....##.#
###o######.#####@# ##........##.#
........##.# #r# ######..###.#
.........#.#####.# #..# #.#
.##.###..#.##...@# ##..###.#
.##..##..#.##.##.# ##.......#
.###.##..#.##.##.# ##.....####
.#.#.##..#.##.##.## ##...)...###
.....##..#........####.........##
..................[..'.........'.


You could see Eustachio, a quasit, 2 shadow imps, a bat and a rat.

Vanquished Creatures
  A black bear (D:2)
  A hound (D:2)
  Natasha (thrice) (D:3)
  Robin (D:4)
  5 adders (D:3)
  An ooze (D:2)
  A worm (D:3)
  3 dart slugs
  6 leopard geckos
  4 orcs (D:3)
  9 giant cockroaches
  17 goblins
  12 hobgoblins
  6 jackals
  5 kobolds
  2 quokkas
  4 bats
  4 frilled lizards
  A quokka skeleton (D:4)
  10 rats
96 creatures vanquished.

Notes
Turn   | Place    | Note
-------+----------+-------------------------------------------
     0 | D:1      | Morbidden the Draconian Conjurer began the quest for the
                  | Orb.
     0 | D:1      | Reached XP level 1. HP: 14/14 MP: 3/3
   105 | D:1      | Reached XP level 2. HP: 18/20 MP: 0/5
   702 | D:1      | Reached skill level 1 in Unarmed Combat
   702 | D:1      | Reached XP level 3. HP: 26/26 MP: 4/6
  1238 | D:2      | Reached XP level 4. HP: 33/33 MP: 5/7
  1675 | D:2      | Noticed a black bear
  2171 | D:3      | Learned a level 2 spell: Searing Ray
  2246 | D:3      | Found a faded altar of an unknown god.
  2471 | D:3      | Noticed Natasha
  2474 | D:3      | Reached XP level 5. HP: 33/38 MP: 8/8
  2478 | D:3      | Killed Natasha
  2540 | D:3      | Noticed Natasha
  2548 | D:3      | Killed Natasha
  2890 | D:3      | Noticed Natasha
  2947 | D:3      | Killed Natasha
  3155 | D:4      | Noticed Grinder
  3157 | D:4      | Noticed Eustachio
  3607 | D:3      | Reached skill level 5 in Conjurations
  3639 | D:2      | Killed a black bear
  3639 | D:2      | Reached XP level 6. HP: 27/46 MP: 0/10
  3673 | D:4      | Found Doban's Assorted Antiques.
  3673 | D:4      | Noticed Robin
  3700 | D:4      | Killed Robin
  3896 | D:3      | Gained mutation: Your body sometimes deteriorates upon
                  | taking damage. [potion of mutation]
  3896 | D:3      | Gained mutation: Your flesh is cold resistant. (rC+)
                  | [potion of mutation]
  4301 | D:3      | Succumbed to Eustachio's poison

Skill      XL: |  1  2  3  4  5  6 |
---------------+-------------------+-----
Dodging        | 2 3 |  3.0
Unarmed Combat | 1 2 3 4 |  4.0
Conjurations   | 5 |  5.1
Fighting       | |  0.9
Stealth        | |  1.7
Spellcasting   | |  2.9

Action                   |  1- 3 |  4- 6 || total
-------------------------+-------+-------++-------
Melee: Unarmed           |    99 |   161 ||   260
       Tailslap          |     6 |    18 ||    24
       Punch             |       |     2 ||     2
 Cast: Magic Dart        |    40 |    97 ||   137
       Searing Ray       |       |    23 ||    23
  Use: Potion            |     3 |     5 ||     8
       Scroll            |       |     1 ||     1
 Stab: Sleeping          |     2 |     4 ||     6
  Eat: Chunk             |     2 |    11 ||    13
Armor: Skin              |    42 |    67 ||   109
Dodge: Dodged            |    67 |   119 ||   186
